 Dungeon Crawl Stone Soup version 0.21.1-1-g345015fe64 (webtiles) character file.

3299 Ilves the Cleaver (level 10, -8/92 HPs)
             Began as a Hill Orc Berserker on Apr 23, 2018.
             Was an Elder of Trog.
             Mangled by an orc warrior
             ... wielding a +3 halberd
              (11 damage)
             ... on level 8 of the Dungeon on Apr 24, 2018.
             The game lasted 00:17:46 (10692 turns).

Ilves the Cleaver (Hill Orc Berserker)             Turns: 10692, Time: 00:17:47

Health: -8/92      AC: 13    Str: 21    XL:     10   Next: 1%
Magic:  10/10      EV:  9    Int:  7    God:    Trog [****..]
Gold:   414        SH:  2    Dex: 13    Spells: 9/9 levels left

rFire    . . .     SeeInvis .   F - -1 war axe (curse)
rCold    . . .     Gourm    .   (no shield)
rNeg     . . .     Faith    .   G - +0 plate armour
rPois    .         Spirit   .   (no helmet)
rElec    .         Reflect  +   C - +0 cloak (curse)
rCorr    .         Harm     .   (no gloves)
MR       .....                  o - +0 pair of boots
Stlth    ..........             u - +2 amulet of reflection
HPRegen  0.25/turn              y - +3 ring of evasion
MPRegen  0.12/turn              (no ring)

@: no status effects
A: no striking features
a: Berserk, Trog's Hand, Brothers in Arms, Burn Spellbooks, Renounce Religion


You were on level 8 of the Dungeon.
You worshipped Trog.
Trog was greatly pleased with you.
You were near starving.

You visited 1 branch of the dungeon, and saw 9 of its levels.

You collected 414 gold pieces.

Inventory:

Hand Weapons
 a - a +0 hand axe
 F - a cursed -1 war axe (weapon)
Armour
 o - a +0 pair of boots (worn)
 C - a cursed +0 cloak (worn)
 G - a +0 plate armour (worn)
Jewellery
 f - an uncursed amulet of guardian spirit
 u - a +2 amulet of reflection (around neck)
 y - a +3 ring of evasion (left hand)
Wands
 d - a wand of digging (9)
 g - a wand of polymorph (6)
 s - a wand of random effects (15)
 t - a wand of acid (6)
Scrolls
 b - a scroll of fog {unknown}
 e - 2 scrolls of random uselessness
 i - 2 scrolls of enchant armour {unknown}
 j - 4 scrolls of remove curse
 k - 8 scrolls of teleportation
 m - 3 scrolls of enchant weapon {unknown}
 q - a scroll of amnesia {unknown}
 v - 3 scrolls of magic mapping {unknown}
 x - 2 scrolls of immolation {unknown}
 A - 2 scrolls of identify
 D - a scroll of fear {unknown}
Potions
 h - 5 potions of might
 l - 4 potions of flight
 n - a potion of magic
 p - 2 potions of mutation {unknown}
 r - a potion of cancellation {unknown}
 w - 4 potions of curing {unknown}
 z - a potion of brilliance {unknown}
 B - 2 potions of lignification {unknown}
 I - 2 potions of heal wounds {unknown}
Books
 E - a book of Misfortune

   Spells                             Type                      Level
   a - Confusing Touch                Hexes                        1
   b - Confuse                        Hexes                        3
   c - Gell's Gravitas                Translocation                3
   d - Petrify                        Transmutation/Earth          4
   e - Metabolic Englaciation         Hexes/Ice                    5
   f - Yara's Violent Unravelling     Hexes/Transmutation          5
   Trog disapproves of the use of such an item.
Comestibles
 c - 21 rations


   Skills:
 + Level 9.7 Fighting
 + Level 14.6 Axes
 - Level 2.1 Armour
 - Level 1.5 Dodging
 - Level 0.7 Evocations


You had 9 spell levels left.
You didn't know any spells.

Dungeon Overview and Level Annotations

Branches:
Dungeon (9/15)             Temple (0/1) D:6
   Lair: D:8-11         Orc: D:9-12

Altars:
Ashenzari
Fedhas
Makhleb
Nemelex Xobeh
Qazlal
Uskayaw
Wu Jian
Xom

Shops:
D:4 :   D:7 %

Annotations:
D:9 5 runed doors


Message History

The orc warrior hits you with an enchanted halberd!
Your plate armour prevents you from hitting the orc warrior.
The orc warrior is moderately wounded.
Your plate armour prevents you from hitting the orc warrior.
The orc warrior is moderately wounded.
The orc warrior hits you with an enchanted halberd!
You closely miss the orc warrior.
The orc warrior is moderately wounded.
The orc warrior hits you with an enchanted halberd!!
* * * LOW HITPOINT WARNING * * *
You closely miss the orc warrior.
The orc warrior is moderately wounded.
You slash the orc warrior!
The orc warrior is severely wounded.
The orc warrior hits you with an enchanted halberd!
* * * LOW HITPOINT WARNING * * *
You barely miss the orc warrior.
The orc warrior is severely wounded.
The orc warrior hits you with an enchanted halberd!
You die...

#####....### ###...#####.##.##...
#.##..####.# ##..<..##.####...(.
.#....####.####..#...#.######...#
#..........#...####<...###.).....
##.....).....### #.......#####..
##....[....## ##.....### ##..
##...)....## ##..#..## #...
##.....#..####[..#..### ##...
##...###..##@[.##....####.... #
#...####....o)....##......##. #
##...###....###....####....###
####..........## ####.####.......
.#......##....# #.)##...#...#
...##..#####..# ##.##..###..#
#.....## #..# #.....######
#.....# #..### #.......# #....##
##....## #..######


You could see an orc warrior.

Vanquished Creatures
  Sigmund (D:6)
  Eustachio (D:6)
  2 phantoms (D:4)
  A sky beast (D:8)
  A black bear (D:9)
  An orc warrior (D:7)
  5 ogres
  A centaur (D:8)
  A crocodile (D:8)
  9 bullfrogs
  A wyvern zombie (D:8)
  3 scorpions
  3 killer bees (D:9)
  4 crimson imps
  4 hounds
  Crazy Yiuf (D:6)
  5 orc priests
  A centaur skeleton (D:4)
  Ijyb (D:2)
  An iguana (D:8)
  3 orc wizards
  4 worker ants
  A worker ant zombie (D:6)
  15 adders
  7 gnolls (D:6)
  2 shadow imps
  An ooze (D:3)
  An adder skeleton (D:4)
  A worm (D:2)
  13 dart slugs
  3 leopard geckos
  22 orcs
  A ball python (D:1)
  11 bats
  2 giant cockroaches (D:8)
  5 goblins
  9 hobgoblins
  11 jackals
  3 quokkas
  3 frilled lizards
  10 kobolds
  A leopard gecko zombie (D:8)
  7 rats
183 creatures vanquished.

Notes
Turn   | Place    | Note
-------+----------+-------------------------------------------
     0 | D:1      | Ilves the Hill Orc Berserker began the quest for the Orb.
     0 | D:1      | Reached XP level 1. HP: 19/19 MP: 1/1
   300 | D:1      | Reached XP level 2. HP: 26/27 MP: 2/2
   716 | D:1      | Reached XP level 3. HP: 34/34 MP: 3/3
  1037 | D:2      | Reached skill level 5 in Axes
  1117 | D:2      | Reached ** piety under Trog
  1698 | D:2      | Reached XP level 4. HP: 41/41 MP: 2/4
  1799 | D:3      | Found an ornate altar of the Wu Jian Council.
  1860 | D:3      | Noticed Ijyb
  1923 | D:2      | Killed Ijyb
  1965 | D:3      | Reached skill level 6 in Axes
  1995 | D:3      | Found a shattered altar of Ashenzari.
  2008 | D:3      | Reached skill level 5 in Fighting
  2269 | D:3      | Reached XP level 5. HP: 45/48 MP: 3/5
  2676 | D:3      | Found a shimmering altar of Xom.
  2678 | D:3      | Found a sparkling altar of Nemelex Xobeh.
  3497 | D:4      | Found Vaumn's Book Shoppe.
  3520 | D:4      | Noticed a phantom
  3700 | D:4      | Killed a phantom
  3700 | D:4      | Reached skill level 7 in Axes
  3700 | D:4      | Reached XP level 6. HP: 15/57 MP: 4/6
  4193 | D:4      | Reached skill level 8 in Axes
  4251 | D:4      | Found a burning altar of Makhleb.
  4260 | D:4      | Found a blossoming altar of Fedhas.
  4448 | D:5      | Entered Level 5 of the Dungeon
  4537 | D:5      | Reached XP level 7. HP: 51/63 MP: 4/7
  5011 | D:4      | Reached skill level 9 in Axes
  5129 | D:5      | Reached *** piety under Trog
  5941 | D:6      | Noticed Eustachio
  5979 | D:6      | Killed Eustachio
  5979 | D:6      | Reached skill level 10 in Axes
  5979 | D:6      | Reached XP level 8. HP: 33/73 MP: 8/8
  6462 | D:6      | Reached skill level 11 in Axes
  6473 | D:6      | Noticed Sigmund
  6483 | D:6      | Killed Sigmund
  6660 | D:6      | Reached skill level 12 in Axes
  6665 | D:6      | Found a staircase to the Ecumenical Temple.
  6759 | D:6      | Reached XP level 9. HP: 46/81 MP: 9/9
  7030 | D:6      | Found a runed door.
  7034 | D:6      | Noticed Crazy Yiuf
  7042 | D:6      | Killed Crazy Yiuf
  7507 | D:7      | Found a stormy altar of Qazlal.
  7650 | D:7      | Found Aneghuf's Food Shoppe.
  8057 | D:7      | Reached skill level 13 in Axes
  8280 | D:8      | Reached **** piety under Trog
 10097 | D:9      | Reached skill level 14 in Axes
 10312 | D:9      | Found a hide-covered altar of Uskayaw.
 10367 | D:9      | Reached XP level 10. HP: 92/92 MP: 10/10
 10535 | D:9      | Found a runed gate.
 10537 | D:9      | Found a runed gate.
 10537 | D:9      | Found a runed gate.
 10549 | D:9      | Found a runed door.
 10567 | D:9      | Found the +9 staff of Olgreb {rPois}
 10628 | D:9      | Found a runed door.
 10691 | D:8      | HP: 2/92 [orc warrior/enchanted halberd (9)]
 10692 | D:8      | Mangled by an orc warrior

Skill      XL: |  1  2  3  4  5  6  7  8  9 |
---------------+----------------------------+-----
Fighting       | 4 5 6 7 8 9 |  9.7
Axes           | 5 6 7 8 10 12 14 | 14.6
Armour         | |  2.1
Dodging        | |  1.5
Evocations     | |  0.7

Action                   |  1- 3 |  4- 6 |  7- 9 | 10-12 || total
-------------------------+-------+-------+-------+-------++-------
Melee: Hand axe          |   119 |   192 |   256 |       ||   567
       Unarmed           |       |    21 |       |       ||    21
       War axe           |       |       |   204 |    19 ||   223
Invok: Berserk           |     1 |     3 |     7 |       ||    11
Evoke: Wand              |       |     3 |       |       ||     3
  Use: Scroll            |     2 |     1 |     3 |       ||     6
 Stab: Sleeping          |     1 |       |       |       ||     1
  Eat: Chunk             |     3 |     8 |    22 |       ||    33
       Ration            |       |     1 |     1 |       ||     2
Armor: Animal skin       |    37 |       |       |       ||    37
       Ring mail         |     2 |    18 |       |       ||    20
       Skin              |       |     3 |       |       ||     3
       Scale mail        |       |    40 |    61 |       ||   101
       Plate armour      |       |       |   106 |     6 ||   112
Dodge: Dodged            |   102 |   103 |   209 |     8 ||   422
Block: Other             |       |       |    23 |     1 ||    24
